[Event "WA State Championship"]
[Site "Legacy House, South Perth"]
[Date "2006.07.09"]
[Round "2"]
[White "Garcia, M"]
[Black "Balaji, S"]
[Result "1-0"]
[WhiteElo "1480"]
[BlackElo "1134"]
[ECO "A39"]
[EventDate "2006.07.02"]
[TimeControl "5400+60"]

1.Nf3 c5 2.c4 g6 3.g3 Bg7 4.Bg2 Nf6 5.Nc3 O-O 6.O-O Nc6 7.d4 cxd4 8.Nxd4 
a6 9.Nxc6 dxc6 10.Qc2 e5 11.b3 Qc7 12.Ba3 Rd8 13.Rad1 Be6 14.c5 Nd7 15.Ne4
Bf5 16.Qc1 Nf6 17.Nd6 Be6 18.Qb2 Ne8 19.Nxe8 Rxe8 20.Rd6 e4 21.Qc2 f5 22.
Rd2 Bd5 23.e3 Rad8 24.Rfd1 Kf8 25.Bf1 Qa5 26.Bb2 Bxb2 27.Qxb2 Qxc5 28.Qh8+
Kf7 29.Qxh7+ Kf6 30.Qxb7 a5 31.Qc7 Ke6 32.Qg7 Rg8 33.Qd4 Qxd4 34.Rxd4 Ra8 
35.Bc4 Rad8 36.h4 Rg7 37.Bxd5+ cxd5 38.Kf1 Ke5 39.Ke2 Rc7 40.R1d2 Rc5 41.
b4 axb4 42.Rxb4 Rc6 43.Rb7 Ra8 44.Rd7 Ra5 45.Re7+ Kf6 46.Rb7 Rca6 47.Rbb2 
Ke5 48.Kd1 Rc6 49.Rd4 Rca6 50.Rbd2 Ke6 51.Ke2 Rxa2 52.Rxd5 Rxd2+ 53.Rxd2 
Ra7 54.f3 Ra4 55.fxe4 Rxe4 56.Rd4 Re5 57.Kf3 Kf7 58.Kf4 Re6 59.e4 fxe4 60.
Rxe4 Rf6+ 61.Kg4 Rf5 62.Rf4 Rxf4+ 63.Kxf4 Kf6 64.g4 Kg7 65.Ke5 Kh6 66.Kf6 
Kh7 67.g5 1-0

[Event "WA State Championship"]
[Site "Legacy House, South Perth"]
[Date "2006.07.09"]
[Round "2"]
[White "Sam, R"]
[Black "Humphries, R"]
[Result "0-1"]
[WhiteElo "1091"]
[BlackElo "1429"]
[ECO "B50"]
[EventDate "2006.07.02"]
[TimeControl "5400+60"]

1.e4 c5 2.Nf3 d6 3.Nc3 Nf6 4.Bc4 a6 5.d3 b5 6.Bb3 Bb7 7.Bg5 Nbd7 8.Qd2 h6 
9.Bxf6 Nxf6 10.a3 g6 11.O-O Bg7 12.Rfe1 Nd7 13.Rad1 Ne5 14.Nxe5 Bxe5 15.f4
Bd4+ 16.Kf1 Qd7 17.Rb1 a5 18.Ne2 Bg7 19.c4 b4 20.axb4 cxb4 21.Qc2 Bc6 22.
d4 a4 23.d5 Bb7 24.Ba2 Ba6 25.b3 a3 26.Red1 O-O 27.Nd4 Rfb8 28.Nc6 Rb6 29.
Qf2 Qb7 30.Nxe7+ Kf8 31.Nc6 Bxc4+ 32.Kg1 Ba6 33.e5 dxe5 34.fxe5 Rb5 35.e6 
Qb6 36.Qxb6 Rxb6 37.e7+ Ke8 38.Rbc1 Bc3 39.Rc2 Bb5 40.Kf2 Bxc6 41.dxc6 
Rxc6 42.Re2 Rf6+ 43.Ke3 Re6+ 44.Kf2 Kxe7 45.Rc2 Raa6 46.Bb1 Rf6+ 47.Kg1 
Rad6 48.Rxd6 Rxd6 49.Rc1 Rd2 50.Kf1 a2 51.Bxa2 Rxa2 52.Rb1 Ra1 53.Rxa1 
Bxa1 54.Ke2 Ke6 55.Kd3 Kd5 56.Ke3 Bd4+ 57.Kd3 f5 58.g3 g5 59.h3 f4 60.gxf4
gxf4 61.Ke2 Ke4 62.Kd2 f3 63.Ke1 f2+ 64.Kf1 Kd3 65.h4 Kc3 66.h5 Kxb3 67.
Ke2 Kc2 68.Kf1 b3 69.Ke2 b2 70.Kf1 b1=Q+ 71.Kg2 f1=Q+ 72.Kg3 Qf2+ 73.Kg4 
Qbg1+ 74.Kh3 Qfh2# 0-1

[Event "WA State Championship"]
[Site "Legacy House, South Perth"]
[Date "2006.07.09"]
[Round "2"]
[White "Kueh, M"]
[Black "Williams, Verity"]
[Result "1-0"]
[WhiteElo "1868"]
[BlackElo "634"]
[ECO "A02"]
[EventDate "2006.07.02"]
[TimeControl "5400+60"]

1.f4 f6 2.e4 e5 3.fxe5 fxe5 4.Qh5+ g6 5.Qxe5+ Qe7 6.Qxe7+ Nxe7 7.Bc4 Nbc6 
8.Nf3 b6 9.O-O Bb7 10.d4 Bg7 11.c3 O-O-O 12.d5 Ne5 13.Nxe5 Bxe5 14.Bg5 
Rde8 15.Nd2 Bd6 16.Kh1 h6 17.Bf6 Rhf8 18.Bg7 Rxf1+ 19.Rxf1 Rg8 20.Bxh6 Rh8
21.Rf8+ Rxf8 22.Bxf8 Bf4 23.Bxe7 Bxd2 24.Bf6 d6 25.h4 Kd7 26.Bb5+ c6 27.
dxc6+ Bxc6 28.Bxc6+ Kxc6 29.Kg1 Kd7 30.Kf2 Ke6 31.Bd4 d5 32.exd5+ Kxd5 33.
Be3 Bxe3+ 34.Kxe3 Ke5 35.g4 Kf6 36.Ke4 Ke7 37.Ke5 Kf7 38.c4 Ke7 39.b4 1-0

[Event "WA State Championship"]
[Site "Legacy House, South Perth"]
[Date "2006.07.09"]
[Round "2"]
[White "Markou, V"]
[Black "Vahala, K"]
[Result "0-1"]
[WhiteElo "1426"]
[BlackElo "891"]
[ECO "C44"]
[EventDate "2006.07.02"]
[TimeControl "5400+60"]

1.e4 e5 2.Nf3 Nc6 3.d3 h6 4.Nbd2 Nf6 5.g3 Bc5 6.Bg2 O-O 7.O-O d5 8.exd5 
Nxd5 9.Nc4 Bg4 10.h3 Bh5 11.g4 Bg6 12.Ncxe5 Nxe5 13.Nxe5 c6 14.Nxg6 fxg6 
15.d4 Bb6 16.c3 Bc7 17.Bxd5+ cxd5 18.f4 Qd6 19.Qe2 Rae8 20.Qg2 Re6 21.Bd2 
Qa6 22.Qxd5 Kh7 23.Qc5 Bd6 24.Qd5 Ref6 25.Rae1 Bxf4 26.Bxf4 Rxf4 27.Rxf4 
Rxf4 28.Qe5 Rf6 29.Re3 Qf1+ 0-1

[Event "WA State Championship"]
[Site "Legacy House, South Perth"]
[Date "2006.07.09"]
[Round "2"]
[White "Williams, R"]
[Black "Klimczak, J"]
[Result "0-1"]
[WhiteElo "887"]
[BlackElo "1379"]
[ECO "A48"]
[EventDate "2006.07.02"]
[TimeControl "5400+60"]

1.e3 Nf6 2.d4 g6 3.Nf3 d6 4.c4 Bg7 5.h3 O-O 6.Nc3 a6 7.Be2 c5 8.O-O cxd4 
9.exd4 Nbd7 10.Be3 Qb6 11.b3 Qc7 12.a4 e6 13.Ra2 b6 14.Nd2 Bb7 15.Bf3 Bxf3
16.Qxf3 Rfe8 17.b4 e5 18.b5 Nh5 19.Nd5 Qd8 20.Nb3 axb5 21.cxb5 Nhf6 22.Bg5
h6 23.Bxf6 Nxf6 24.Re1 e4 25.Nxf6+ Qxf6 26.Rxe4 Rxe4 27.Qxe4 Rc8 28.Qe3 
Qf5 29.Nd2 Kf8 30.Nc4 Qb1+ 31.Kh2 Qxa2 32.Nxb6 Rd8 33.Qe4 Qxf2 34.Nd5 Re8 
35.Qd3 Qxd4 36.Qb3 Be5+ 37.g3 Qf2+ 38.Kh1 Bxg3 0-1

[Event "WA State Championship"]
[Site "Legacy House, South Perth"]
[Date "2006.07.09"]
[Round "2"]
[White "Slack-Smith, B"]
[Black "Williams, W"]
[Result "1-0"]
[WhiteElo "1309"]
[BlackElo "640"]
[ECO "C30"]
[EventDate "2006.07.02"]
[TimeControl "5400+60"]

1.e4 e5 2.f4 Nc6 3.Nf3 d6 4.Bc4 h6 5.O-O Bg4 6.h3 Bxf3 7.Qxf3 Nd4 8.Qc3 b5
9.fxe5 dxe5 10.Bxb5+ Nxb5 11.Qc6+ Ke7 12.Qxb5 Qd4+ 13.Kh1 Qxe4 14.Qc5+ Kd7
15.Rxf7+ Ke6 16.Rxf8 Qe1+ 17.Kh2 Rxf8 18.Qxf8 Qxc1 19.Qxg7 Qxb2 20.Qxh8 
Qxa1 21.Qxg8+ Kf5 22.Qf7+ Kg5 23.Qg7+ Kf5 24.g4+ Ke4 25.Nc3+ Kf3 26.Qxe5 
Kf2 27.Qe2# 1-0

[Event "WA State Championship"]
[Site "Legacy House, South Perth"]
[Date "2006.07.09"]
[Round "2"]
[White "Thurtell, D"]
[Black "Gilmetdinov, E"]
[Result "0-1"]
[WhiteElo "600"]
[BlackElo "1300"]
[ECO "C00"]
[EventDate "2006.07.02"]
[TimeControl "5400+60"]

1.e4 e6 2.Nc3 d5 3.Nf3 Nf6 4.d3 dxe4 5.dxe4 Qxd1+ 6.Kxd1 Bc5 7.Be3 Bxe3 8.
fxe3 a6 9.e5 Nd5 10.Nxd5 exd5 11.g3 Bg4 12.Be2 O-O 13.h3 Bf5 14.Bd3 Bd7 
15.Ng5 h6 16.Nf3 Nc6 17.e4 d4 18.c3 dxc3 19.bxc3 Rfe8 20.Rb1 b6 21.Bc4 
Rad8 22.Ke1 Nxe5 23.Nxe5 Rxe5 24.Bd3 Bc6 25.Rd1 Bxe4 26.Bxe4 Rxe4+ 27.Kf2 
Rde8 28.Rde1 Kf8 29.Rxe4 Rxe4 30.Re1 Ra4 31.Re2 Ra3 32.Rc2 Ke7 33.Kf3 b5 
34.Kg2 Kd6 35.Rd2+ Kc6 36.Kf3 Rxc3+ 37.Kf4 Rc4+ 38.Kf3 f5 39.g4 fxg4+ 40.
hxg4 g5 41.Rd1 Kc5 42.Rd7 c6 43.Ke3 Rc3+ 44.Ke4 Rh3 45.Ra7 Kb6 0-1

[Event "WA State Championship"]
[Site "Legacy House, South Perth"]
[Date "2006.07.09"]
[Round "2"]
[White "Laugery, B"]
[Black "Williams, Veronica"]
[Result "1-0"]
[WhiteElo "1264"]
[BlackElo "124"]
[ECO "C41"]
[EventDate "2006.07.02"]
[TimeControl "5400+60"]

1.e4 e5 2.Nf3 d6 3.h3 Nf6 4.d3 Nc6 5.c3 d5 6.Nbd2 dxe4 7.dxe4 Bc5 8.Be2 
O-O 9.O-O Nh5 10.Kh1 Qd7 11.Nb3 Qxd1 12.Bxd1 Bd6 13.Be3 b6 14.Be2 Bb7 15.
Nfd2 Nf4 16.Bxf4 exf4 17.f3 f5 18.exf5 Rxf5 19.Bd3 Re5 20.Rfe1 Rxe1+ 21.
Rxe1 Ne5 22.Bc2 Re8 23.Ne4 Nc4 24.Nf6+ gxf6 25.Rxe8+ Kf7 26.Rh8 Nxb2 27.
Rxh7+ Ke6 28.Nd4+ Ke5 29.Rh5+ f5 30.Rxf5# 1-0

[Event "WA State Championship"]
[Site "Legacy House, South Perth"]
[Date "2006.07.16"]
[Round "3"]
[White "Boyd, T"]
[Black "Shaw, R"]
[Result "1-0"]
[WhiteElo "2247"]
[BlackElo "1711"]
[ECO "B05"]
[EventDate "2006.07.02"]
[TimeControl "5400+60"]

1.e4 Nf6 2.e5 Nd5 3.Nf3 d6 4.d4 Bg4 5.Be2 e6 6.O-O Be7 7.c4 Nb6 8.Nc3 N8d7
9.exd6 cxd6 10.b3 Nf6 11.h3 Bf5 12.Be3 Nbd7 13.Rc1 Ne4 14.Nxe4 Bxe4 15.Nd2
Bc6 16.Nb1 Nf6 17.Nc3 Ne4 18.d5 Nxc3 19.Rxc3 Qa5 20.b4 Qxb4 21.Rb3 Qa4 22.
dxc6 bxc6 23.Rb8+ 1-0

[Event "WA State Championship"]
[Site "Legacy House, South Perth"]
[Date "2006.07.16"]
[Round "3"]
[White "Pavlovic, M"]
[Black "Barber, H"]
[Result "0-1"]
[WhiteElo "1697"]
[BlackElo "2142"]
[ECO "A87"]
[EventDate "2006.07.02"]
[TimeControl "5400+60"]

1.d4 f5 2.g3 Nf6 3.Bg2 g6 4.Nf3 Bg7 5.c4 O-O 6.Nc3 d6 7.O-O Qe8 8.d5 a5 9.
Nd4 Na6 10.b3 Bd7 11.Bb2 g5 12.f4 Qg6 13.e3 Nc5 14.Nf3 h6 15.Qc2 Rae8 16.
Nd4 Nfe4 17.Nxe4 fxe4 18.Bc3 a4 19.b4 Nd3 20.a3 gxf4 21.exf4 e6 22.Nxe6 
Bxe6 23.Bxg7 Qxg7 24.dxe6 Rxe6 25.Bh3 Re7 26.f5 Qd4+ 27.Kg2 e3 28.f6 Rxf6 
29.Rxf6 Qxf6 30.Rf1 e2 31.Qxd3 Qxf1# 0-1

[Event "WA State Championship"]
[Site "Legacy House, South Perth"]
[Date "2006.07.16"]
[Round "3"]
[White "Johnstone, R"]
[Black "Haasse, A"]
[Result "0-1"]
[WhiteElo "1666"]
[BlackElo "2057"]
[ECO "B20"]
[EventDate "2006.07.02"]
[TimeControl "5400+60"]

1.e4 c5 2.Bc4 e6 3.Nc3 a6 4.a4 Nc6 5.Nf3 Qc7 6.d3 Nf6 7.O-O Be7 8.Ne1 d6 
9.f4 Bd7 10.g4 h6 11.Ng2 O-O-O 12.Bd2 Nb4 13.Ne3 Bc6 14.Nb5 axb5 15.axb5 
Be8 16.c3 d5 17.cxb4 dxc4 18.b6 Qxb6 19.Nxc4 Qc6 20.Ne5 Qd6 21.Qf3 Qd4+ 
22.Kg2 Qxb2 23.Ra8+ Kc7 24.Rxd8 Bxd8 25.Qf2 Bc6 26.bxc5 Qb5 27.Nxf7 Rf8 
28.Nd6 Qxd3 29.Kg1 Nxg4 30.Qg2 Qd4+ 31.Kh1 h5 32.h3 Qxc5 33.Nxb7 Kxb7 34.
hxg4 hxg4 35.Qe2 Bb6 36.Rb1 Qh5+ 37.Qh2 Bxe4# 0-1

[Event "WA State Championship"]
[Site "Legacy House, South Perth"]
[Date "2006.07.16"]
[Round "3"]
[White "Hare, T"]
[Black "Whitehead, P"]
[Result "1-0"]
[WhiteElo "2067"]
[BlackElo "1582"]
[ECO "A36"]
[EventDate "2006.07.02"]
[TimeControl "5400+60"]

1.c4 c5 2.Nc3 Nc6 3.g3 Nf6 4.Bg2 e6 5.e4 Be7 6.f4 d6 7.Nge2 e5 8.f5 g6 9.
Rf1 gxf5 10.exf5 h5 11.d3 Ng4 12.h3 Nh6 13.Be4 Bg5 14.Nd5 Bxc1 15.Qxc1 Bd7
16.Qd2 Ng8 17.O-O-O Nf6 18.Nec3 Nxd5 19.Nxd5 Nd4 20.g4 hxg4 21.hxg4 Rc8 
22.Rh1 Rg8 23.Rh6 Bc6 24.Nf6+ Ke7 25.Nxg8+ Qxg8 26.g5 Bxe4 27.dxe4 Rc6 28.
g6 fxg6 29.Qg5+ Kd7 30.b3 Rc8 31.Rxg6 Qh8 32.Rg7+ Kc6 33.Qe7 Qh6+ 34.Kb1 
Kb6 35.Qxb7+ Ka5 36.Qxa7+ Kb4 37.Rb7+ 1-0

[Event "WA State Championship"]
[Site "Legacy House, South Perth"]
[Date "2006.07.16"]
[Round "3"]
[White "Haselgrove, M"]
[Black "Holland, D"]
[Result "1/2-1/2"]
[WhiteElo "1751"]
[BlackElo "1739"]
[ECO "C06"]
[EventDate "2006.07.02"]
[TimeControl "5400+60"]

1.e4 e6 2.d4 d5 3.Nd2 Nf6 4.e5 Nfd7 5.c3 c5 6.Bd3 Nc6 7.Ne2 Qb6 8.Nf3 cxd4
9.cxd4 Be7 10.a3 h6 11.b4 a6 12.O-O g5 13.Be3 Qd8 14.Nd2 b5 15.Ng3 Ndxe5 
16.dxe5 d4 17.Be4 Bb7 18.Bxd4 Qxd4 19.Nf3 Qb6 20.Rc1 Rd8 21.Qc2 Rc8 22.
Bxc6+ Rxc6 23.Qb2 h5 24.Rxc6 Qxc6 25.Rc1 Qd5 26.Qc2 g4 27.Rd1 Qc6 28.Qxc6+
Bxc6 29.Nd4 Bd5 30.f4 gxf3 31.gxf3 Bg5 32.Kf2 Bf4 33.Re1 h4 34.Nf1 Rh5 35.
h3 Bxe5 36.Nc2 Rf5 37.Re3 Bb2 38.Nd2 Bc1 39.Nd4 Rf6 40.Rd3 Bxd2 41.Rxd2 
Rg6 42.Ne2 Rg5 43.Rd4 Rf5 44.Ng1 Bb7 45.Rxh4 Rd5 46.Re4 Rd2+ 47.Re2 Rd3 
48.Re3 Rd2+ 49.Re2 Rd3 50.Re3 1/2-1/2

[Event "WA State Championship"]
[Site "Legacy House, South Perth"]
[Date "2006.07.16"]
[Round "3"]
[White "Fedec, J"]
[Black "Tomic, N"]
[Result "0-1"]
[WhiteElo "1825"]
[BlackElo "1665"]
[ECO "C41"]
[EventDate "2006.07.02"]
[TimeControl "5400+60"]

1.e4 e5 2.Nf3 d6 3.d4 exd4 4.Bc4 Nc6 5.Nxd4 Qf6 6.Nb5 Qd8 7.N1c3 a6 8.Nd4 
Ne5 9.Be2 c5 10.Nf5 g6 11.Ne3 Bg7 12.O-O h5 13.f3 b5 14.Ncd5 Nh6 15.Qe1 
O-O 16.Bd2 Ra7 17.Ba5 Qe8 18.a4 c4 19.Bc3 Rb7 20.axb5 axb5 21.Rd1 f5 22.f4
Neg4 23.Nxg4 fxg4 24.e5 dxe5 25.fxe5 Bxe5 26.Rxf8+ Kxf8 27.Qd2 Nf7 28.Rf1 
Bf5 29.Nf6 Bxf6 30.Bxf6 Qe6 31.Bc3 Kg8 32.Re1 Rd7 33.Qf4 Qb6+ 34.Kh1 Qd6 
35.Qf2 Re7 36.Rd1 Qb8 37.Qd4 Re5 38.Bf1 Qf8 39.Qd2 h4 40.Bxe5 Nxe5 41.Qd5+
Nf7 42.Qxb5 Bxc2 43.Re1 Kh7 44.Bxc4 Nd6 45.Qd7+ Kh6 46.Qxg4 Qf6 47.Rf1 Nf5
48.b3 Qb6 49.Qf4+ g5 50.Re1 gxf4 51.Re6+ Qxe6 52.Bxe6 Nd4 53.Bd5 Nxb3 54.
Bb7 Nd4 55.Bd5 Kg5 56.Bb7 Bd3 57.Bd5 Ne2 58.Bc6 Kf5 59.Bb7 Be4 0-1

[Event "WA State Championship"]
[Site "Legacy House, South Perth"]
[Date "2006.07.16"]
[Round "3"]
[White "Deheer, A"]
[Black "Kueh, M"]
[Result "0-1"]
[WhiteElo "1530"]
[BlackElo "1868"]
[ECO "B07"]
[EventDate "2006.07.02"]
[TimeControl "5400+60"]

1.d4 Nf6 2.Nc3 d6 3.e4 c6 4.Bf4 Qa5 5.e5 dxe5 6.Bxe5 Ne4 7.Qd3 Nxc3 8.Qxc3
Qxc3+ 9.bxc3 Nd7 10.Bf4 e6 11.Nf3 Ba3 12.Rb1 O-O 13.Rb3 Be7 14.Ne5 Nxe5 
15.Bxe5 Rd8 16.Be2 Bd6 17.f4 f6 18.Bxd6 Rxd6 19.Bf3 Rd7 20.O-O Rc7 21.Rfb1
Rb8 22.c4 b6 23.a4 Bd7 24.a5 b5 25.cxb5 cxb5 26.Be4 a6 27.Kf2 Rbc8 28.Ke2 
Bc6 29.d5 Bxd5 30.Bxd5 exd5 31.Rd3 Rxc2+ 32.Kf1 Rc1+ 33.Rxc1 Rxc1+ 34.Kf2 
Rc2+ 35.Kg3 Rc5 36.Kf3 Kf7 37.g4 b4 38.Rd4 Rb5 39.Rd1 Rxa5 40.f5 Rb5 41.
Rc1 Rb7 42.Ke3 b3 43.Kd4 b2 44.Rb1 Rb5 0-1

[Event "WA State Championship"]
[Site "Legacy House, South Perth"]
[Date "2006.07.16"]
[Round "3"]
[White "Leonhardt, W"]
[Black "Klimczak, J"]
[Result "1-0"]
[WhiteElo "1934"]
[BlackElo "1379"]
[ECO "B08"]
[EventDate "2006.07.02"]
[TimeControl "5400+60"]

1.d4 Nf6 2.Nf3 g6 3.Nc3 Bg7 4.e4 d6 5.Bg5 c6 6.Qd2 h6 7.Bf4 b5 8.Bd3 Be6 
9.d5 cxd5 10.Bxb5+ Bd7 11.Bxd7+ Nfxd7 12.exd5 Nb6 13.O-O g5 14.Bg3 O-O 15.
Rab1 Na6 16.Nd4 Qd7 17.f4 Qg4 18.Nc6 Nc8 19.Rbe1 e5 20.fxe5 dxe5 21.Bxe5 
f6 22.Bg3 Qd7 23.Nb5 f5 24.c4 f4 25.Bf2 f3 26.Bg3 g4 27.Be5 Rf7 28.Bxg7 
Rxg7 29.Qxh6 Ne7 30.Nxe7+ Rxe7 31.Rxe7 Qxe7 32.Qe6+ Kf8 33.Qxe7+ Kxe7 34.
gxf3 gxf3 35.Rxf3 Rc8 36.b3 Nb4 37.a3 Nc2 38.Nxa7 Rg8+ 39.Rg3 Rf8 40.b4 
Nd4 41.Nc6+ Nxc6 42.dxc6 Ke6 43.Rg6+ Ke7 44.Kg2 1-0

[Event "WA State Championship"]
[Site "Legacy House, South Perth"]
[Date "2006.07.16"]
[Round "3"]
[White "Dix, P"]
[Black "O'Shaughnessy, D"]
[Result "1-0"]
[WhiteElo "1803"]
[BlackElo "1371"]
[ECO "A47"]
[EventDate "2006.07.02"]
[TimeControl "5400+60"]

1.d4 Nf6 2.Bf4 e6 3.Nf3 b6 4.Nbd2 Bb7 5.e3 c5 6.c3 Be7 7.Bd3 d5 8.Ne5 O-O 
9.Qf3 Qc8 10.Qg3 g6 11.Bh6 Nh5 12.Qh3 Ng7 13.f4 Nd7 14.O-O Nxe5 15.fxe5 
Ba6 16.Bxa6 Qxa6 17.Rf6 Qd3 18.Nf3 Bxf6 19.exf6 Nh5 20.Qh4 Qe4 21.Rf1 Rfe8
22.g4 g5 23.Qxg5+ Qg6 24.gxh5 Qxg5+ 25.Bxg5 a5 26.Ne5 Ra7 27.Bh6 Kh8 28.
Rf3 1-0

[Event "WA State Championship"]
[Site "Legacy House, South Perth"]
[Date "2006.07.16"]
[Round "3"]
[White "Jones, N"]
[Black "Dunlop, G"]
[Result "0-1"]
[WhiteElo "1362"]
[BlackElo "1802"]
[ECO "A41"]
[EventDate "2006.07.02"]
[TimeControl "5400+60"]

1.e4 g6 2.d4 Bg7 3.c4 d6 4.h3 Nd7 5.Nf3 b6 6.Nc3 Bb7 7.Bd3 e5 8.d5 Ne7 9.
Be3 O-O 10.Qd2 f5 11.Bh6 Nc5 12.Bc2 fxe4 13.Nxe4 Nxe4 14.Bxe4 Nf5 15.Bxg7 
Kxg7 16.O-O Qe7 17.Ng5 Nd4 18.Nf3 Nxf3+ 19.Bxf3 Rf4 20.b3 Raf8 21.Bg4 Bc8 
22.Bxc8 Rxc8 23.g3 Rf3 24.Kg2 Rcf8 25.Rae1 R8f5 26.Re3 Qg5 27.Qd3 Rxe3 28.
Qxe3 h5 29.Qxg5 Rxg5 30.f4 exf4 31.Rxf4 Re5 32.Kf3 Re1 33.Re4 Rf1+ 34.Ke2 
Ra1 35.a4 Rb1 36.Re7+ Kf6 37.Rxc7 Rxb3 38.Kf2 Rb4 39.Rxa7 Rxc4 40.Ra6 Ke5 
41.a5 bxa5 42.Rxa5 Rc5 43.Ra2 Rxd5 44.Re2+ Kf6 45.Re3 Rf5+ 46.Ke2 Re5 47.
Kd3 Rxe3+ 48.Kxe3 Ke5 49.Kd3 g5 50.Ke3 d5 51.Kd3 d4 52.Ke2 Ke4 0-1

[Event "WA State Championship"]
[Site "Legacy House, South Perth"]
[Date "2006.07.16"]
[Round "3"]
[White "Choong, Y"]
[Black "Slack-Smith, B"]
[Result "1-0"]
[WhiteElo "1729"]
[BlackElo "1309"]
[ECO "B08"]
[EventDate "2006.07.02"]
[TimeControl "5400+60"]

1.e4 d6 2.Nf3 Nf6 3.Nc3 g6 4.d4 Bg7 5.Bc4 O-O 6.O-O Bg4 7.h3 Bxf3 8.Qxf3 
c6 9.Be3 Nbd7 10.Qe2 b5 11.Bd3 b4 12.Nd1 Ne8 13.f4 Qb6 14.e5 d5 15.f5 Nc7 
16.Nf2 a5 17.Ng4 h5 18.Nh6+ Kh7 19.Nxf7 a4 20.fxg6+ Kg8 21.Qxh5 Rxf7 22.
Rxf7 1-0

[Event "WA State Championship"]
[Site "Legacy House, South Perth"]
[Date "2006.07.16"]
[Round "3"]
[White "Saxon, M"]
[Black "Gilmetdinov, E"]
[Result "1-0"]
[WhiteElo "1702"]
[BlackElo "1300"]
[ECO "C00"]
[EventDate "2006.07.02"]
[TimeControl "5400+60"]

1.e4 e6 2.d3 d5 3.Nd2 Nf6 4.Ngf3 c6 5.g3 Qb6 6.Bg2 Nbd7 7.O-O Bc5 8.c3 
dxe4 9.dxe4 O-O 10.Qe2 Rd8 11.b4 Bf8 12.Re1 a5 13.Nc4 Qc7 14.Bf4 e5 15.
Nfxe5 Nxe5 16.Bxe5 Qe7 17.Bd6 Rxd6 18.Nxd6 Qe5 19.Nxc8 Rxc8 20.bxa5 Qxc3 
21.a6 b5 22.e5 Ne8 23.e6 Rc7 24.exf7+ Rxf7 25.Qxe8 Qf6 26.Qxc6 Qxf2+ 27.
Kh1 Qc5 28.Qxc5 Bxc5 29.Re8+ Rf8 30.Bd5+ 1-0

[Event "WA State Championship"]
[Site "Legacy House, South Perth"]
[Date "2006.07.16"]
[Round "3"]
[White "Hessing, R"]
[Black "Laugery, B"]
[Result "1-0"]
[WhiteElo "1607"]
[BlackElo "1264"]
[ECO "A02"]
[EventDate "2006.07.02"]
[TimeControl "5400+60"]

1.f4 e6 2.b3 d5 3.Nf3 Nf6 4.Bb2 Be7 5.e3 Nbd7 6.Be2 O-O 7.O-O h6 8.Qe1 Kh8
9.d3 Ne8 10.Nbd2 Bf6 11.Bxf6 Ndxf6 12.Qh4 Nd6 13.g4 Ng8 14.g5 Nf5 15.Qf2 
Bd7 16.e4 Nd6 17.Ne5 Be8 18.Qg3 c6 19.Kh1 Rc8 20.Rg1 Rc7 21.Qh3 Re7 22.Rg2
Qc7 23.Rag1 g6 24.Ng4 h5 25.Nf6 Kg7 26.Bxh5 Nxf6 27.gxf6+ Kxf6 28.e5+ Kg7 
29.exd6 Qxd6 30.Qf3 Rh8 31.f5 exf5 32.Qxf5 Re6 33.Qf3 Rf6 34.Qd1 Kf8 35.
Be2 g5 36.Rf1 Rfh6 37.Rff2 R8h7 38.Qg1 Rg6 39.Rg4 {unreadable} 1-0

[Event "WA State Championship"]
[Site "Legacy House, South Perth"]
[Date "2006.07.16"]
[Round "3"]
[White "Humphries, R"]
[Black "Bailye, R"]
[Result "1-0"]
[WhiteElo "1429"]
[BlackElo "1143"]
[ECO "C78"]
[EventDate "2006.07.02"]
[TimeControl "5400+60"]

1.e4 e5 2.Nf3 Nc6 3.Bb5 a6 4.Ba4 Nf6 5.O-O Bc5 6.c3 O-O 7.d4 exd4 8.cxd4 
Ba7 9.Nc3 b5 10.Bc2 d5 11.e5 Ne8 12.Qd3 g6 13.Bh6 Ng7 14.Qe3 Re8 15.Bg5 
Qd7 16.Bf6 Ne7 17.Ng5 Qg4 18.Bxe7 Bxd4 19.Nxd5 Nh5 20.Qf3 Qxf3 21.Nxf3 Bb7
22.Be4 c6 23.Nf6+ Nxf6 24.exf6 Bxb2 25.Rab1 Bxf6 26.Bxf6 Rxe4 27.Rfe1 Rf4 
28.Bg5 Ra4 29.Re7 Rb8 30.Rb2 c5 31.Rbe2 Bxf3 32.gxf3 Kg7 33.R2e6 Rf8 34.
Ra7 Rxa2 35.Bf6+ Kh6 36.Rexa6 Rxa6 37.Rxa6 Rc8 38.Rb6 b4 39.Kf1 Rc7 40.Ke2
c4 41.Rxb4 Rc6 42.Bd4 c3 43.Kd1 c2+ 44.Kc1 Kh5 45.Rb7 Rd6 46.Be3 Rf6 47.
Rb5+ Rf5 48.Rxf5+ gxf5 49.Kxc2 Kh4 50.Bf4 Kh3 51.Kd2 Kg2 52.Ke3 f6 53.h4 
h5 54.Bb8 Kh3 55.Bg3 Kg2 56.Kf4 Kh3 57.Kxf5 Kg2 58.Kxf6 Kxf3 59.Kg5 1-0

[Event "WA State Championship"]
[Site "Legacy House, South Perth"]
[Date "2006.07.16"]
[Round "3"]
[White "Vahala, K"]
[Black "Jahangirian, M"]
[Result "0-1"]
[WhiteElo "891"]
[BlackElo "1679"]
[ECO "B23"]
[EventDate "2006.07.02"]
[TimeControl "5400+60"]

1.e4 c5 2.Nc3 Nc6 3.Bc4 e6 4.Nf3 a6 5.a4 Nf6 6.d3 Be7 7.O-O O-O 8.Re1 d5 
9.exd5 exd5 10.Bb3 h6 11.h3 Be6 12.Ne2 Bd6 13.Bf4 Qd7 14.Bxd6 Qxd6 15.Ng3 
b5 16.c3 b4 17.Nh4 Qd7 18.Qf3 Na5 19.Bc2 b3 20.Bd1 Rfe8 21.Nhf5 Bxf5 22.
Rxe8+ Rxe8 23.Be2 Bg6 24.Kf1 c4 25.Rd1 Qxa4 26.dxc4 Nxc4 27.Bxc4 Qxc4+ 28.
Kg1 Bc2 29.Rd4 Re1+ 30.Kh2 Qc7 31.Rf4 Be4 32.Nxe4 dxe4 0-1

[Event "WA State Championship"]
[Site "Legacy House, South Perth"]
[Date "2006.07.16"]
[Round "3"]
[White "Williams, Verity"]
[Black "Garcia, M"]
[Result "1/2-1/2"]
[WhiteElo "634"]
[BlackElo "1480"]
[ECO "D02"]
[EventDate "2006.07.02"]
[TimeControl "5400+60"]

1.d4 Nf6 2.Nf3 g6 3.g3 Bg7 4.Bg2 O-O 5.O-O d5 6.b3 Nbd7 7.Nbd2 c5 8.c4 
cxd4 9.Nxd4 Nb6 10.Bb2 dxc4 11.Nxc4 Nxc4 12.bxc4 Qc7 13.Ba3 a6 14.e3 Rd8 
15.Qb3 Rb8 16.Rad1 e5 17.Ne2 Bf8 18.Rxd8 Qxd8 19.Rd1 Qc7 20.Bxf8 Kxf8 21.
Qb4+ Kg7 22.Nc3 1/2-1/2

[Event "WA State Championship"]
[Site "Legacy House, South Perth"]
[Date "2006.07.16"]
[Round "3"]
[White "Williams, W"]
[Black "Markou, V"]
[Result "1-0"]
[WhiteElo "640"]
[BlackElo "1426"]
[ECO "C41"]
[EventDate "2006.07.02"]
[TimeControl "5400+60"]

1.e4 e5 2.Nf3 d6 3.d4 exd4 4.Nxd4 Nf6 5.Bg5 Be7 6.Nc3 Bd7 7.Bb5 O-O 8.Bxd7
Nbxd7 9.Qd2 a6 10.b4 Ne5 11.O-O c5 12.Bxf6 Bxf6 13.bxc5 dxc5 14.Nb3 Qc7 
15.Nd5 Qc6 16.Nxf6+ gxf6 17.Qf4 Kh8 18.Na5 Qb6 19.Nxb7 Qxb7 20.Qxf6+ Kg8 
21.Qxe5 f6 22.Rab1 Qg7 23.Qxc5 Rac8 24.Qd5+ Kh8 25.Rb7 Qg6 26.Rc1 Rg8 27.
e5 Rgd8 28.Qf3 fxe5 29.g3 Rd2 30.Qf7 Qh6 31.Qf5 Rxf2 32.Qxe5+ Rf6 33.Rf1 
Rf8 34.Rb8 Kg7 35.Rxf8 1-0

[Event "WA State Championship"]
[Site "Legacy House, South Perth"]
[Date "2006.07.16"]
[Round "3"]
[White "Williams, Veronica"]
[Black "Sam, R"]
[Result "0-1"]
[WhiteElo "124"]
[BlackElo "1091"]
[ECO "C50"]
[EventDate "2006.07.02"]
[TimeControl "5400+60"]

1.e4 e5 2.Nf3 Nc6 3.Bc4 Bc5 4.Nc3 Nf6 5.d3 d6 6.Bg5 Bg4 7.h3 Bxf3 8.Qxf3 
Nd4 9.Qd1 c6 10.Ne2 h6 11.Be3 Qb6 12.Bxd4 Bxd4 13.c3 Bxf2+ 14.Kf1 Qe3 15.
Rc1 Nh5 16.Rc2 Ng3+ 17.Nxg3 Bxg3 18.Re2 Qf4+ 19.Kg1 O-O-O 20.Qf1 f6 21.
Qxf4 Bxf4 22.Rf2 Be3 23.Kf1 Bxf2 24.Kxf2 d5 25.exd5 cxd5 26.Bb3 d4 27.c4 
b6 28.Rc1 Rd7 29.c5 Rc7 30.c6 Re8 31.Kf3 f5 32.Bd5 g5 33.g4 fxg4+ 34.hxg4 
Rf8+ 35.Ke4 Re7 36.Bb3 Kc7 37.a4 Rf4+ 38.Kd5 Rxg4 39.Bd1 Rg1 40.b4 h5 41.
Ke4 g4 42.b5 h4 43.Rc2 Rxd1 44.Rg2 Kd6 45.Rxg4 Re1+ 46.Kf3 Rh7 47.Rg2 Re3+
48.Kg4 Rg3+ 49.Rxg3 hxg3 50.Kxg3 Rh1 51.Kf3 Ra1 52.Ke4 Rxa4 53.Kf5 a6 54.
bxa6 b5 55.c7 Kxc7 56.Kxe5 Rxa6 57.Kxd4 b4 58.Kc4 Rb6 59.d4 b3 60.Kc5 b2 
61.d5 b1=Q 62.d6+ Rxd6 0-1

[Event "WA State Championship"]
[Site "Legacy House, South Perth"]
[Date "2006.07.23"]
[Round "4"]
[White "Haasse, A"]
[Black "Barber, H"]
[Result "1/2-1/2"]
[WhiteElo "2057"]
[BlackElo "2142"]
[ECO "B70"]
[EventDate "2006.07.02"]
[TimeControl "5400+60"]

1.e4 c5 2.Nf3 Nc6 3.d4 cxd4 4.Nxd4 g6 5.Nc3 Bg7 6.Nb3 Nf6 7.Be2 O-O 8.O-O 
d6 9.Re1 Be6 10.Bf1 Rc8 11.Bg5 Re8 12.Nd5 Nd7 13.c3 f6 14.Bc1 Bf7 15.Ne3 
a6 16.Ng4 Nde5 17.Nh6+ Bxh6 18.Bxh6 Kh8 19.Bc1 b5 20.a4 Nc4 21.axb5 axb5 
22.Nd4 Qb6 23.b3 N4a5 24.Be3 Qb7 25.Bxb5 Nxb3 26.Bxc6 Rxc6 27.Nxc6 Nxa1 
28.Nxe7 Qxe7 29.Qxa1 Qxe4 30.f3 Qd3 31.Bd4 Kg7 32.Rxe8 Bxe8 33.Qa7+ Bf7 
34.h3 Qf5 35.Qe7 Qe6 36.Qd8 h5 1/2-1/2

[Event "WA State Championship"]
[Site "Legacy House, South Perth"]
[Date "2006.07.23"]
[Round "4"]
[White "Kueh, M"]
[Black "Hare, T"]
[Result "1/2-1/2"]
[WhiteElo "1868"]
[BlackElo "2067"]
[ECO "A03"]
[EventDate "2006.07.02"]
[TimeControl "5400+60"]

1.f4 d5 2.Nf3 g6 3.g3 Bg7 4.Bg2 Nf6 5.O-O O-O 6.d3 c5 7.Nc3 d4 8.Ne4 Nxe4 
9.dxe4 Nc6 10.a3 Rb8 11.h3 b5 12.Rb1 a5 13.b3 Qc7 14.g4 c4 15.Qe1 Rd8 16.
f5 d3 17.exd3 cxd3 18.cxd3 Rxd3 19.Qe2 Rd8 20.Bb2 Ne5 21.Nxe5 1/2-1/2